| TOP OF THE 1ST |
|
Mississippi Braves batting - Pitching for Tulsa Drillers : RHP Eddie Usrey
|
|
Pitching: RHP Eddie Usrey
|
|
|
Batting: RHB Luis Restrepo
|
0-0: Ball 1-0: SINGLE (Line Drive, 89S, EV 101.9 MPH)
|
|
Batting: LHB Sal Fernandez
|
0-0: Fly out, F5 (Popup, 6, EV 66.9 MPH)
|
|
Batting: LHB Art D'Ascenzo
|
0-0: SINGLE (Groundball, 34D, EV 103.8 MPH) Luis Restrepo to second Runner from 2nd tries for 3rd, SAFE, throw by RF made to third
|
|
Batting: RHB Yojiro Hayashi
|
0-0: Called Strike 0-1: Ball 1-1: Ball 2-1: SINGLE (Line Drive, 78S, EV 95.0 MPH) Luis Restrepo scores Art D'Ascenzo to second
|
|
Batting: RHB Jose Ramos
|
0-0: Called Strike 0-1: Foul Ball, location: 2F 0-2: Foul Ball, location: 2F 0-2: Ball 1-2: Strikes out swinging
|
|
Batting: RHB Justin Reich
|
0-0: Foul Ball, location: 2F 0-1: Foul Ball, location: 2F 0-2: SINGLE (Groundball, 6MD, EV 105.6 MPH) Art D'Ascenzo to third Yojiro Hayashi to second Runner from 3rd tries for Home, SAFE, throw by CF to home Yojiro Hayashi to third Justin Reich to second
|
|
Batting: RHB Jordan Martin
|
0-0: Ground out 5-3 (Groundball, 56S, EV 66.9 MPH)
|
| Top of the 1st over - 2 runs, 4 hits, 0 errors, 2 left on base; Mississippi 2 - Tulsa 0 |
| BOTTOM OF THE 1ST |
|
Tulsa Drillers batting - Pitching for Mississippi Braves : RHP Ryan DeMille
|
|
Pitching: RHP Ryan DeMille
|
|
|
Batting: RHB Josh Crenwelge
|
0-0: Ball 1-0: Foul Ball, location: 2F 1-1: Ball 2-1: Ball 3-1: SINGLE (Groundball, 25, EV 68.8 MPH) (infield hit)
|
|
Batting: SHB Nate Kopchak
|
0-0: Called Strike Josh Crenwelge steals 2nd base 0-1: Ball 1-1: Fly out, F5 (Popup, 5L, EV 70.0 MPH)
|
|
Batting: LHB Kevin Wiebe
|
0-0: Called Strike 0-1: Ball 1-1: Hit by Pitch
|
|
Batting: SHB Justin Toth
|
0-0: Foul Ball, location: 2F 0-1: Ball 1-1: Ball 2-1: Ball 3-1: Base on Balls Josh Crenwelge to third Kevin Wiebe to second
|
|
Batting: RHB Jonathan Kirsch
|
0-0: Ball 1-0: Ball 2-0: Grounds into double play, 6-4-3 (Groundball, 6, EV 90.0 MPH)
|
| Bottom of the 1st over - 0 runs, 1 hit, 0 errors, 2 left on base; Mississippi 2 - Tulsa 0 |
| TOP OF THE 2ND |
|
Mississippi Braves batting - Pitching for Tulsa Drillers : RHP Eddie Usrey
|
|
Batting: RHB Alex Velasquez
|
0-0: Ball 1-0: Called Strike 1-1: Ball 2-1: Ball 3-1: Swinging Strike 3-2: SINGLE (Groundball, 34D, EV 101.9 MPH)
|
|
Batting: RHB Adrian Billups
|
0-0: Ball 1-0: Ball 2-0: Called Strike 2-1: Grounds into double play, 5-4-3 (Groundball, 56, EV 88.1 MPH)
|
|
Batting: RHB Luis Restrepo
|
0-0: Called Strike 0-1: Ground out U3 (Groundball, 3L, EV 81.2 MPH)
|
| Top of the 2nd over - 0 runs, 1 hit, 0 errors, 0 left on base; Mississippi 2 - Tulsa 0 |
| BOTTOM OF THE 2ND |
|
Tulsa Drillers batting - Pitching for Mississippi Braves : RHP Ryan DeMille
|
|
Batting: RHB Aaron Burress
|
0-0: Called Strike 0-1: Ground out 6-3 (Groundball, 6, EV 76.9 MPH)
|
|
Batting: RHB Daniel Samano
|
0-0: Ball 1-0: SINGLE (Flyball, 8LS, EV 92.5 MPH)
|
|
Batting: RHB Nick Getz
|
0-0: Called Strike Daniel Samano steals 2nd base 0-1: Ball 1-1: Swinging Strike 1-2: Ground out 5-3 (Groundball, 15, EV 82.5 MPH)
|
|
Batting: RHB Kyle Garrett
|
0-0: Ball 1-0: Hit by Pitch
|
|
Batting: RHB Josh Crenwelge
|
0-0: Ball 1-0: Foul Ball, location: 2F 1-1: Foul Ball, location: 2F 1-2: Ball 2-2: Ball 3-2: Foul Ball, location: 2F 3-2: SINGLE (Groundball, 6M, EV 111.2 MPH) (infield hit) Daniel Samano to third Kyle Garrett to second
|
|
Batting: SHB Nate Kopchak
|
0-0: Called Strike 0-1: Ball 1-1: Ball 2-1: Foul Ball, location: 2F 2-2: Fly out, F8 (Flyball, 78M, EV 81.2 MPH)
|
| Bottom of the 2nd over - 0 runs, 2 hits, 0 errors, 3 left on base; Mississippi 2 - Tulsa 0 |
| TOP OF THE 3RD |
|
Mississippi Braves batting - Pitching for Tulsa Drillers : RHP Eddie Usrey
|
|
Batting: LHB Sal Fernandez
|
0-0: Foul Ball, location: 2F 0-1: Called Strike 0-2: Foul Ball, location: 2F 0-2: Strikes out swinging
|
|
Batting: LHB Art D'Ascenzo
|
0-0: Fly out, F7 (Flyball, 7S, EV 84.4 MPH)
|
|
Batting: RHB Yojiro Hayashi
|
0-0: Foul Ball, location: 2F 0-1: Foul Ball, location: 2F 0-2: Strikes out looking
|
| Top of the 3rd over - 0 runs, 0 hits, 0 errors, 0 left on base; Mississippi 2 - Tulsa 0 |
| BOTTOM OF THE 3RD |
|
Tulsa Drillers batting - Pitching for Mississippi Braves : RHP Ryan DeMille
|
|
Batting: LHB Kevin Wiebe
|
0-0: Called Strike 0-1: Foul Ball, location: 2F 0-2: Ball 1-2: Fly out, F7 (Flyball, 7D, EV 90.0 MPH)
|
|
Batting: SHB Justin Toth
|
0-0: Ball 1-0: SOLO HOME RUN (Flyball, 89XD, EV 95.6 MPH), Distance : 366 ft
|
|
Batting: RHB Jonathan Kirsch
|
0-0: DOUBLE (Flyball, 89XD, EV 97.5 MPH)
|
|
Batting: RHB Aaron Burress
|
0-0: Ball 1-0: Called Strike 1-1: Ground out 6-3 (Groundball, 6, EV 96.2 MPH)
|
|
Batting: RHB Daniel Samano
|
0-0: Ball 1-0: Foul Ball, location: 2F 1-1: Ball 2-1: SINGLE (Line Drive, 6D, EV 98.1 MPH) Jonathan Kirsch to third Runner from 3rd tries for Home, throw by CF and OUT! 8-2
|
| Bottom of the 3rd over - 1 run, 3 hits, 0 errors, 1 left on base; Mississippi 2 - Tulsa 1 |
| TOP OF THE 4TH |
|
Mississippi Braves batting - Pitching for Tulsa Drillers : RHP Eddie Usrey
|
|
Batting: RHB Jose Ramos
|
0-0: Called Strike 0-1: Ball 1-1: Foul Ball, location: 2F 1-2: Strikes out swinging
|
|
Batting: RHB Justin Reich
|
0-0: Called Strike 0-1: Ball 1-1: Swinging Strike 1-2: Ball 2-2: Strikes out looking
|
|
Batting: RHB Jordan Martin
|
0-0: Ball 1-0: Called Strike 1-1: Foul Ball, location: 2F 1-2: Foul Ball, location: 2F 1-2: Foul Ball, location: 2F 1-2: Strikes out swinging
|
| Top of the 4th over - 0 runs, 0 hits, 0 errors, 0 left on base; Mississippi 2 - Tulsa 1 |
| BOTTOM OF THE 4TH |
|
Tulsa Drillers batting - Pitching for Mississippi Braves : RHP Ryan DeMille
|
|
Batting: RHB Nick Getz
|
0-0: Ball 1-0: Ball 2-0: Ball 3-0: Base on Balls
|
|
Batting: RHB Kyle Garrett
|
0-0: Called Strike 0-1: Called Strike Nick Getz steals 2nd base (no throw) 0-2: Ball 1-2: Foul Ball, location: 2F 1-2: Ball 2-2: Ball 3-2: Foul Ball, location: 2F 3-2: Ground out 3-1 (Groundball, 34S, EV 86.9 MPH) Nick Getz to third
|
|
Batting: RHB Josh Crenwelge
|
0-0: Called Strike 0-1: Foul Ball, location: 2F 0-2: Strikes out swinging
|
|
Batting: SHB Nate Kopchak
|
0-0: Foul Ball, location: 2F 0-1: Ball 1-1: Foul Ball, location: 2F 1-2: Fly out, F7 (Line Drive, 7S, EV 95.0 MPH)
|
| Bottom of the 4th over - 0 runs, 0 hits, 0 errors, 1 left on base; Mississippi 2 - Tulsa 1 |
| TOP OF THE 5TH |
|
Mississippi Braves batting - Pitching for Tulsa Drillers : RHP Eddie Usrey
|
|
Batting: RHB Alex Velasquez
|
0-0: Ground out 3-1 (Groundball, 34, EV 87.5 MPH)
|
|
Batting: RHB Adrian Billups
|
0-0: Ball 1-0: Called Strike 1-1: Ball 2-1: Fly out, F8 (Flyball, 78M, EV 82.5 MPH)
|
|
Batting: RHB Luis Restrepo
|
0-0: Ball 1-0: Called Strike 1-1: Foul Ball, location: 2F 1-2: Foul Ball, location: 2F 1-2: Ball 2-2: Ground out 4-3 (Groundball, 4, EV 106.9 MPH)
|
| Top of the 5th over - 0 runs, 0 hits, 0 errors, 0 left on base; Mississippi 2 - Tulsa 1 |
| BOTTOM OF THE 5TH |
|
Tulsa Drillers batting - Pitching for Mississippi Braves : RHP Ryan DeMille
|
|
Batting: LHB Kevin Wiebe
|
0-0: Foul Ball, location: 2F 0-1: Foul Ball, location: 2F 0-2: Ball 1-2: Fly out, F8 (Flyball, 8RD, EV 83.8 MPH)
|
|
Batting: SHB Justin Toth
|
0-0: Foul Ball, location: 2F 0-1: Ball 1-1: Ground out 4-3 (Groundball, 4, EV 102.5 MPH)
|
|
Batting: RHB Jonathan Kirsch
|
0-0: Ball 1-0: Called Strike 1-1: Ground out 5-3 (Groundball, 5, EV 85.0 MPH)
|
| Bottom of the 5th over - 0 runs, 0 hits, 0 errors, 0 left on base; Mississippi 2 - Tulsa 1 |
| TOP OF THE 6TH |
|
Mississippi Braves batting - Pitching for Tulsa Drillers : RHP Eddie Usrey
|
|
Batting: LHB Sal Fernandez
|
0-0: Ground out U3 (Groundball, 3S, EV 91.2 MPH)
|
|
Batting: LHB Art D'Ascenzo
|
0-0: SOLO HOME RUN (Flyball, 89XD, EV 96.2 MPH), Distance : 375 ft
|
|
Batting: RHB Yojiro Hayashi
|
0-0: Called Strike 0-1: Ground out 5-3 (Groundball, P, EV 84.4 MPH)
|
|
Batting: RHB Jose Ramos
|
0-0: Ball 1-0: Ground out 4-3 (Groundball, 4, EV 108.1 MPH)
|
| Top of the 6th over - 1 run, 1 hit, 0 errors, 0 left on base; Mississippi 3 - Tulsa 1 |
| BOTTOM OF THE 6TH |
|
Tulsa Drillers batting - Pitching for Mississippi Braves : RHP Ryan DeMille
|
|
Batting: RHB Aaron Burress
|
0-0: Called Strike 0-1: Ball 1-1: SINGLE (Line Drive, 8RS, EV 101.2 MPH)
|
|
Batting: RHB Daniel Samano
|
0-0: Called Strike 0-1: Ball 1-1: Ball 2-1: Grounds into double play, 6-4-3 (Groundball, 6, EV 101.9 MPH)
|
|
Batting: RHB Nick Getz
|
0-0: Ball 1-0: Swinging Strike 1-1: Ball 2-1: Ground out 5-3 (Groundball, 56, EV 78.8 MPH)
|
| Bottom of the 6th over - 0 runs, 1 hit, 0 errors, 0 left on base; Mississippi 3 - Tulsa 1 |
| TOP OF THE 7TH |
|
Mississippi Braves batting - Pitching for Tulsa Drillers : RHP Eddie Usrey
|
|
Batting: RHB Justin Reich
|
0-0: Called Strike 0-1: Ball 1-1: SINGLE (Flyball, 56D, EV 89.4 MPH)
|
|
Batting: RHB Jordan Martin
|
0-0: Called Strike 0-1: Called Strike 0-2: Ball 1-2: Foul Ball, location: 2F 1-2: SINGLE (Groundball, 34S, EV 64.4 MPH) (infield hit) Justin Reich to second
|
|
Batting: RHB Alex Velasquez
|
0-0: Foul Ball, location: 2F 0-1: Ball 1-1: Ball 2-1: Called Strike 2-2: Ball 3-2: Foul Ball, location: 2F 3-2: Base on Balls Justin Reich to third Jordan Martin to second
|
|
Batting: RHB Adrian Billups
|
0-0: Called Strike 0-1: Ball 1-1: Foul Ball, location: 2F 1-2: Ball 2-2: Ball 3-2: Strikes out swinging
|
|
Batting: RHB Luis Restrepo
|
0-0: Called Strike 0-1: Ball Wild Pitch! Justin Reich scores Jordan Martin to third Alex Velasquez to second 1-1: Ball 2-1: Ball 3-1: Base on Balls
|
|
Batting: LHB Sal Fernandez
|
0-0: Ball 1-0: Called Strike 1-1: Called Strike 1-2: Ball 2-2: Strikes out looking
|
|
Batting: LHB Art D'Ascenzo
|
0-0: Called Strike 0-1: Ball 1-1: Foul Ball, location: 2F 1-2: Ball 2-2: Foul Ball, location: 2F 2-2: Fly out, F8 (Flyball, 8LS, EV 91.9 MPH)
|
| Top of the 7th over - 1 run, 2 hits, 0 errors, 3 left on base; Mississippi 4 - Tulsa 1 |
| BOTTOM OF THE 7TH |
|
Tulsa Drillers batting - Pitching for Mississippi Braves : RHP Ryan DeMille
|
|
Pitching: RHP Frank Diaz
|
|
|
Now at 1B: Hieronim Rutkowski
|
|
|
Batting: RHB Kyle Garrett
|
0-0: Called Strike 0-1: Ground out 5-3 (Groundball, 56S, EV 84.4 MPH)
|
|
Batting: RHB Josh Crenwelge
|
0-0: Ground out 6-3 (Groundball, 6S, EV 66.2 MPH)
|
|
Batting: SHB Nate Kopchak
|
0-0: Ball 1-0: Ball 2-0: Ball 3-0: Base on Balls
|
|
Batting: LHB Kevin Wiebe
|
0-0: Ball 1-0: Ball 2-0: Foul Ball, location: 2F 2-1: Foul Ball, location: 2F 2-2: Ball 3-2: Fly out, F7 (Flyball, 7, EV 88.1 MPH)
|
| Bottom of the 7th over - 0 runs, 0 hits, 0 errors, 1 left on base; Mississippi 4 - Tulsa 1 |
| TOP OF THE 8TH |
|
Mississippi Braves batting - Pitching for Tulsa Drillers : RHP Eddie Usrey
|
|
Pitching: LHP William Lobo
|
|
|
Batting: RHB Yojiro Hayashi
|
0-0: Called Strike 0-1: Ball 1-1: Foul Ball, location: 2F 1-2: Ball 2-2: Ball 3-2: Base on Balls
|
|
Batting: RHB Jose Ramos
|
0-0: Called Strike Yojiro Hayashi is caught stealing 2nd base 2-4 0-1: Ground out 5-3 (Groundball, 56, EV 84.4 MPH)
|
|
Batting: RHB Justin Reich
|
0-0: Called Strike 0-1: Foul Ball, location: 2F 0-2: Foul Ball, location: 2F 0-2: Ball 1-2: Foul Ball, location: 2F 1-2: Strikes out swinging
|
| Top of the 8th over - 0 runs, 0 hits, 0 errors, 0 left on base; Mississippi 4 - Tulsa 1 |
| BOTTOM OF THE 8TH |
|
Tulsa Drillers batting - Pitching for Mississippi Braves : RHP Frank Diaz
|
|
Batting: SHB Justin Toth
|
0-0: Called Strike 0-1: Called Strike 0-2: Ground out 4-3 (Groundball, 4, EV 80.0 MPH)
|
|
Batting: RHB Jonathan Kirsch
|
0-0: Foul Ball, location: 2F 0-1: Ball 1-1: Foul Ball, location: 2F 1-2: Foul Ball, location: 2F 1-2: Ball 2-2: Ground out 6-3 (Groundball, 6, EV 91.9 MPH)
|
|
Batting: RHB Aaron Burress
|
0-0: Ball 1-0: Ball 2-0: Ball 3-0: Called Strike 3-1: Ground out 5-3 (Groundball, 56S, EV 65.0 MPH)
|
| Bottom of the 8th over - 0 runs, 0 hits, 0 errors, 0 left on base; Mississippi 4 - Tulsa 1 |
| TOP OF THE 9TH |
|
Mississippi Braves batting - Pitching for Tulsa Drillers : LHP William Lobo
|
|
Batting: RHB Jordan Martin
|
0-0: Ball 1-0: Called Strike 1-1: Fly out, F8 (Flyball, 78D, EV 93.1 MPH)
|
|
Batting: RHB Alex Velasquez
|
0-0: Called Strike 0-1: Ball 1-1: Called Strike 1-2: SINGLE (Line Drive, 9S, EV 105.6 MPH)
|
|
Batting: RHB Adrian Billups
|
0-0: Called Strike 0-1: Ball 1-1: SINGLE (Groundball, 6MD, EV 96.9 MPH) Alex Velasquez to second
|
|
Batting: RHB Hieronim Rutkowski
|
0-0: Ball 1-0: Fly out, F9 (Flyball, 9S, EV 96.2 MPH)
|
|
Batting: LHB Sal Fernandez
|
0-0: Called Strike 0-1: Called Strike 0-2: Foul Ball, location: 2F 0-2: Ball 1-2: Foul Ball, location: 2F 1-2: Foul Ball, location: 2F 1-2: Strikes out looking
|
| Top of the 9th over - 0 runs, 2 hits, 0 errors, 2 left on base; Mississippi 4 - Tulsa 1 |
| BOTTOM OF THE 9TH |
|
Tulsa Drillers batting - Pitching for Mississippi Braves : RHP Frank Diaz
|
|
Pitching: RHP Omar Orosco
|
|
|
Batting: RHB Daniel Samano
|
0-0: Foul Ball, location: 2F 0-1: Ball 1-1: Ball 2-1: Foul Ball, location: 2F 2-2: Ball 3-2: Foul Ball, location: 2F 3-2: Ground out 4-3 (Groundball, 4, EV 85.6 MPH)
|
|
Batting: RHB Nick Getz
|
0-0: Ball 1-0: Swinging Strike 1-1: SOLO HOME RUN (Flyball, 89XD, EV 105.6 MPH), Distance : 411 ft
|
|
Batting: RHB Kyle Garrett
|
0-0: Called Strike 0-1: Foul Ball, location: 2F 0-2: Foul Ball, location: 2F 0-2: Ball 1-2: Strikes out swinging
|
|
Batting: RHB Josh Crenwelge
|
0-0: Ball 1-0: Called Strike 1-1: Called Strike 1-2: Foul Ball, location: 2F 1-2: Foul Ball, location: 2F 1-2: SINGLE (Groundball, 56, EV 105.0 MPH) (infield hit)
|
|
Pitching: RHP Damian Molina
|
|
|
Batting: SHB Nate Kopchak
|
0-0: Fly out, F8 (Flyball, 8LD, EV 107.5 MPH)
|
| Bottom of the 9th over - 1 run, 2 hits, 0 errors, 1 left on base; Mississippi 4 - Tulsa 2 |
|